 Dungeon Crawl Stone Soup version 0.27-a0-1136-g0b992a5a9d (webtiles) character file.

Game seed: 7238401937338403099

31 voltaire321 the Chiller (level 3, -1/26 HPs)
             Began as a Merfolk Ice Elementalist on May 5, 2021.
             Slain by a white imp (5 damage)
             ... on level 2 of the Dungeon.
             The game lasted 00:05:30 (1676 turns).

voltaire321 the Chiller (Merfolk Ice Elementalist)  Turns: 1676, Time: 00:05:31

Health: -1/26      AC:  2    Str:  8    XL:     3   Next: 22%
Magic:  6/6        EV: 13    Int: 15    God:
Gold:   24         SH:  0    Dex: 14    Spells: 2/6 levels left

rFire    . . .     SeeInvis .   h - +0 short sword
rCold    . . .     Faith    .   (no shield)
rNeg     . . .     Spirit   .   a - +0 robe
rPois    .         Reflect  .   (no helmet)
rElec    .         Harm     .   (no cloak)
rCorr    .         Rampage  .   (no gloves)
Will     .....                  (no boots)
Stlth    ++........             (no amulet)
HPRegen  0.08/turn              (no ring)
MPRegen  0.10/turn              (no ring)

@: no status effects
A: (nimble swimmer 2), mertail
a: no special abilities


You were on level 2 of the Dungeon.
You visited 1 branch of the dungeon, and saw 2 of its levels.

You collected 24 gold pieces.

Inventory:

Hand Weapons
 h - a +0 short sword (weapon)
Missiles
 c - 8 poisoned darts
Armour
 a - a +0 robe (worn)
Jewellery
 i - a ring of fire
Scrolls
 b - a scroll of vulnerability {unknown}
 d - a scroll of enchant weapon {unknown}
 e - a scroll of identify {unknown}
 j - 2 scrolls of fear {unknown}
Potions
 f - 4 potions of curing {unknown}
 g - a potion of haste {unknown}
 k - 2 potions of flight {unknown}


   Skills:
 + Level 1.3 Fighting
 + Level 3.3 Dodging
 - Level 2.1 Stealth
 + Level 2.3 Spellcasting
 + Level 4.6 Ice Magic


You had 2 spell levels left.
You knew the following spells:

 Your Spells              Type           Power      Damage    Failure   Level
a - Freeze                Ice            60%        1d8       3%          1
b - Frozen Ramparts       Ice            30%        1d5       10%         3

Your spell library contained the following spells:

 Spells                   Type           Power      Damage    Failure   Level
 Beastly Appendage        Tmut           2%         N/A       22%         1
 Wereblood                Tmut           1%         N/A       32%         2
 Ozocubu's Armour         Ice            15%        N/A       10%         3
 Spider Form              Tmut/Pois      0%         N/A       54%         3
 Hailstorm                Conj/Ice       8%         3d4       63%         4
 Ice Form                 Ice/Tmut       8%         N/A       63%         4
 Metabolic Englaciation   Hex/Ice        4%         N/A       92%         5
 Hydra Form               Tmut           0%         N/A       99%         5


Dungeon Overview and Level Annotations

Branches:
Dungeon (2/15)

Altars:

Shops:
D:2 ?


Innate Abilities, Weirdness & Mutations

((You are quick and stealthy near water. (Stealth+, EV+, Speed+++)))
Your lower body shifts to a powerful aquatic tail in water.


Message History

Okay, then.
You see here a +0 dagger.
The white imp shouts!
A white imp is nearby!
The white imp gestures at you. The puff of frost hits you!
You hit the white imp but do no damage.
The white imp hits you but does no damage.
You hit the white imp.
The white imp is lightly wounded.
The white imp misses you.
You closely miss the white imp.
The white imp is lightly wounded.
The white imp misses you.
You hit the white imp.
The white imp is heavily wounded.
The white imp gestures at you. The puff of frost hits you!
The white imp barely misses you.
You closely miss the white imp.
The white imp is heavily wounded.
The white imp barely misses you.
You hit the white imp.
The white imp is heavily wounded.
The white imp barely misses you.
You hit the white imp.
The white imp is almost dead.
The white imp hits you. The white imp freezes you.
* * * LOW HITPOINT WARNING * * *
You closely miss the white imp.
The white imp is almost dead.
The white imp closely misses you.
You hit the white imp but do no damage.
The white imp is almost dead.
The white imp barely misses you.
You barely miss the white imp.
The white imp is almost dead.
The white imp hits you.
* * * LOW HITPOINT WARNING * * *
The white imp freezes you.
You die...

.#### #......#
## .# #....#.#
#. ## #....#.##
##. ##......#
#.. #)###### #..
#.# ####### #..
#.# .......
###..
#.######.......
#....
#......@5......
#..†5
########.......
#∩... .......
#.<.# ..<....
#....
#.#####....†...#
.# #......... .#
#......### .#
#......#
#......#


You could see a white imp.

Vanquished Creatures
  A worm (D:2)
  5 ball pythons
  An endoplasm (D:1)
  3 goblins
  3 hobgoblins
  A kobold (D:1)
  3 quokkas
  3 bats
  6 rats
26 creatures vanquished.

Notes
Turn   | Place    | Note
-------+----------+-------------------------------------------
     0 | D:1      | voltaire321 the Merfolk Ice Elementalist began the quest
                  | for the Orb.
     0 | D:1      | Reached XP level 1. HP: 13/13 MP: 3/3
   406 | D:1      | Reached XP level 2. HP: 13/20 MP: 1/5
   956 | D:1      | Found a faded altar of an unknown god.
  1053 | D:1      | Reached skill level 1 in Fighting
  1145 | D:2      | Found Takamyir's Magic Scroll Boutique.
  1288 | D:2      | Reached XP level 3. HP: 25/26 MP: 2/6
  1531 | D:2      | Learned a level 3 spell: Frozen Ramparts
  1676 | D:2      | Slain by a white imp

Illustrated notes

Levels and vault maps discovered:
D:1:      dpeg_arrival_solitude, layout_loops_corners,
          chequers_ecumenical_altar_simple_redux
D:2:      layout_basic, serial_shops, shop

Skill      XL: |  1  2 |
---------------+-------+-----
Dodging        | 3 |  3.3
Fighting       | 1 |  1.3
Stealth        | |  2.1
Spellcasting   | |  2.3
Ice Magic      | |  4.6

Action                   || total
-------------------------++-------
Melee: Unarmed           ||     1
       Short sword       ||    31
 Cast: Freeze            ||    34
Armor: Robe              ||    15
Dodge: Dodged            ||    48

Table legend: (Time is in decaauts)
 A = Elapsed time spent in this place.
 B = Non-inter-level travel time spent in this place.
 C = Inter-level travel time spent in this place.
 D = Time resting spent in this place.
 E = Time spent auto-exploring this place.
 F = Levels seen in this place.
 G = Mean time per level.
                   A        B        C        D        E       F      G
               +--------+--------+--------+--------+--------+-----+--------+
         Total |   1679 |   1639 |     40 |    286 |   1092 |   2 |  839.5 |
       Dungeon |   1679 |   1639 |     40 |    286 |   1092 |   2 |  839.5 |
               +--------+--------+--------+--------+--------+-----+--------+

Top non-repeatable levels by time:
     D:1: 1164 daAuts
     D:2: 514 daAuts
